 Dungeon Crawl Stone Soup version 0.29.1-2-gbd0b4ee654 (webtiles) character file.

Game seed: 2888375528923851702

4 qeuew the Sneak (level 1, -1/9 HPs)
             Began as a Spriggan Enchanter on Nov 13, 2022.
             Frozen to death by an endoplasm (4 damage)
             ... on level 1 of the Dungeon.
             The game lasted 00:00:26 (364 turns).

qeuew the Sneak (Spriggan Enchanter)                 Turns: 364, Time: 00:00:27

Health: -1/9       AC:  2    Str:  4    XL:     1   Next: 50%
Magic:  5/5        EV: 17    Int: 16    God:
Gold:   25         SH:  0    Dex: 15    Spells: 5/5 levels left

rFire   . . .      SeeInvis +   a - +1 dagger
rCold   . . .      Faith    .   (no shield)
rNeg    . . .      Spirit   .   b - +0 robe
rPois   .          Reflect  .   (helmet restricted)
rElec   .          Harm     .   (no cloak)
rCorr   .          Rampage  .   (gloves unavailable)
Will    .....                   (boots unavailable)
Stlth   +++.......              (no amulet)
HPRegen 0.03/turn               (no ring)
MPRegen 0.09/turn               (no ring)

@: very quick
A: very small, no large weapons, unfitting armour, see invisible, speed 3
a: no special abilities


You were on level 1 of the Dungeon.
You visited 1 branch of the dungeon, and saw 1 of its levels.

You collected 25 gold pieces.

Inventory:

Hand Weapons
 a - a +1 dagger (weapon)
Armour
 b - a +0 robe (worn)
Scrolls
 d - a scroll of teleportation {unknown}
 e - a scroll of immolation {unknown}
 f - a scroll of enchant armour {unknown}
 g - a scroll of vulnerability {unknown}
Potions
 c - 2 potions of invisibility


   Skills:
 + Level 1.2 Short Blades
 + Level 2.8 Dodging
 + Level 4.5 Stealth
 + Level 2.8 Spellcasting
 + Level 3.7 Hexes


You had 5 spell levels left.
You didn't know any spells.
Your spell library contained the following spells:

 Spells                   Type           Power      Damage    Failure   Level
 Confusing Touch          Hex            14%        N/A       13%         3
 Tukima's Dance           Hex            14%        N/A       13%         3
 Ensorcelled Hibernation  Hex/Ice        16%        N/A       14%         2
 Dazzling Flash           Conj/Hex       16%        N/A       26%         3
 Gell's Gravitas          Tloc           2%         N/A       50%         3
 Teleport Other           Tloc           2%         N/A       50%         3
 Dispersal                Tloc           1%         N/A       100%        6


Dungeon Overview and Level Annotations

Branches:
Dungeon (1/15)

Altars:


Innate Abilities, Weirdness & Mutations

You are very small and have problems with some larger weapons.
You are too small for most types of armour.
You have supernaturally acute eyesight. (SInv)
You cover ground extremely quickly. (Speed+++)


Message History

You kill the bat!
You pick up a There-And-Back Book and begin reading...
You add the spells Gell's Gravitas, Teleport Other and Dispersal to your library.
e - a scroll labelled DIFIECW MIUSO No target in view!
f - a scroll labelled BAYTACLATID
g - a scroll labelled MATUOTUBLO You now have 15 gold pieces.
You see here a rat corpse.
You now have 25 gold pieces (gained 10).
An endoplasm comes into view.
Found a helmet.
Found a stone staircase leading down.
Found a black potion.
A goblin comes into view. It is wielding a +0 club.
Found 6 stones.
The goblin shouts!
A bat comes into view.
You see here a +0 helmet.
You hit the endoplasm.
The endoplasm is heavily wounded.
The endoplasm closely misses you.
You hit the endoplasm but do no damage.
The endoplasm is heavily wounded.
The bat misses you. The endoplasm freezes you.
You are frozen.
You hit the endoplasm but do no damage.
The endoplasm is heavily wounded.
The bat hits you. The endoplasm hits you.
You are too injured to fight recklessly!
You are too injured to fight recklessly!
You are too injured to fight recklessly!
You are too injured to fight recklessly!
There are monsters nearby!
You hit the endoplasm.
The endoplasm is severely wounded.
The bat barely misses you. The bat misses you. The endoplasm freezes you.
You are frozen.
You die...

#....####.# #. ###...(#
...... ###....###.....
......[.##..... #
#######.......#+######.#
#######.##..[...........
.....##.##..............
(###....# #...........
.....#### #...@J......
.....#########..gb......
..................>.....
.....#.....###..........
.....#.....# #..........
.....#.....# #...!......
.###.#.....# #..........
...†.†.....# #..........
..(..#(##### #....(...


You could see an endoplasm, a goblin and a bat.

Vanquished Creatures
  A hobgoblin (D:1)
  A bat (D:1)
  A frilled lizard (D:1)
  A kobold (D:1)
  A rat (D:1)
5 creatures vanquished.

Vanquished Creatures (others)
  2 plants (D:1)
2 creatures vanquished.

Grand Total: 7 creatures vanquished

Notes
Turn   | Place    | Note
-------+----------+-------------------------------------------
     0 | D:1      | qeuew the Spriggan Enchanter began the quest for the Orb.
     0 | D:1      | Reached XP level 1. HP: 9/9 MP: 5/5
   252 | D:1      | Found a faded altar of an unknown god.
   364 | D:1      | Frozen to death by an endoplasm

Illustrated notes

Levels and vault maps discovered:
D:1:      roderic_dead_forest, layout_basic, hellmonk_ecumenical_altar_lost_god,
          serial_bayou_lake_a

Action                   || total
-------------------------++-------
Melee: Dagger            ||    23
 Stab: Sleeping          ||     1
Armor: Robe              ||     2
Dodge: Dodged            ||    12
